 Dungeon Crawl Stone Soup version 0.20-a0-201-g851c6fa (webtiles) character file.

23 esc the Caller (level 2, 0/16 HPs)
             Began as a Tengu Summoner on Nov 24, 2016.
             Slain by an adder (4 damage)
             ... on level 2 of the Dungeon.
             The game lasted 00:04:31 (1398 turns).

esc the Caller (Tengu Summoner)                     Turns: 1398, Time: 00:04:32

Health: 0/16       AC:  2    Str:  8    XL:     2   Next: 95%
Magic:  4/6        EV: 13    Int: 15    God:
Gold:   56         SH:  0    Dex: 14    Spells: 4/5 levels left

rFire  . . .     SeeInvis .     e - +0 dagger
rCold  . . .     Gourm    .     a - +0 robe
rNeg   . . .     Faith    .     (no shield)
rPois  .         Spirit   .     (helmet restricted)
rElec  .         Reflect  .     (no cloak)
rCorr  .         Harm     .     (no gloves)
MR     .....                    (boots unavailable)
Stlth  ++........               (no amulet)
                                (no ring)
                                (no ring)

@: no status effects
A: beak, talons 3
a: no special abilities


You were on level 2 of the Dungeon.
You were not hungry.

You visited 1 branch of the dungeon, and saw 2 of its levels.

You collected 56 gold pieces.

Inventory:

Hand Weapons
 e - a +0 dagger (weapon)
   (You took it off a kobold on level 1 of the Dungeon)
Missiles
 j - 5 stones (quivered)
Armour
 a - a +0 robe (worn)
Jewellery
 i - an uncursed amulet of faith {Faith, !P}
   (You found it on level 1 of the Dungeon)
Scrolls
 h - 2 scrolls of random uselessness {unknown}
 k - a scroll of amnesia {unknown}
 l - 2 scrolls of identify {unknown}
Potions
 d - 3 potions of lignification {unknown}
 m - 2 potions of magic {unknown}
 n - a potion of degeneration {unknown}
Books
 b - a book of Callings
Comestibles
 c - 2 bread rations {@e1}
 f - 2 chunks of flesh {@w0}
 g - a beef jerky


   Skills:
 + Level 1.3 Fighting
 + Level 2.5 Dodging
 - Level 2.0 Stealth
 + Level 2.1 Spellcasting
 + Level 5.1 Summonings


You had 4 spell levels left.
You knew the following spells:

 Your Spells              Type           Power        Failure   Level  Hunger
a - Summon Small Mammal   Summ           ###.         2%          1    #......


Dungeon Overview and Level Annotations

Branches:
Dungeon (2/15)

Altars:

Annotations:
D:1 exclusion: gnoll


Innate Abilities, Weirdness & Mutations

You have a beak for a mouth.
You have claws for feet.


Message History

A kobold is nearby!
Some of the chunks of flesh in your inventory have rotted away.
The helpless kobold fails to defend itself.
You hit the kobold.
You kill the kobold!
Things that are here:
a dagger; a kobold corpse A giant cockroach comes into view.
The giant cockroach moves out of view.
You see here a leather armour.
The giant cockroach bites you.
You take 1 damage, and have 15/16 hp.
You hit the giant cockroach. Your kick misses the giant cockroach.
The giant cockroach bites you but does no damage.
You hit the giant cockroach. The giant cockroach closely misses you.
You closely miss the giant cockroach.
The giant cockroach bites you but does no damage. x2
Some of the chunks of flesh in your inventory have rotted away.
Health restored: 16 You hit the giant cockroach but do no damage.
Your peck misses the giant cockroach. The giant cockroach closely misses you.
You hit the giant cockroach but do no damage.
You peck the giant cockroach.
You kill the giant cockroach!
You see here a giant cockroach corpse.
You butcher the giant cockroach corpse.
f - 2 chunks of flesh {@w0} (gained 1)
j - 5 stones (gained 4) Some of the chunks of flesh in your inventory have rotted away.
n - a viscous emerald potion Eating a chunk of flesh {@w0}.
You start eating the chunk of flesh {@w0}.
You are feeling hungry.
Partly explored, can't reach some places.
Partly explored, can't reach some places.
A rat comes into view.
You can't go down here!
You hit the rat. The rat bites you.
You take 2 damage, and have 14/16 hp.
You hit the rat.
You kill the rat!
No target in view!
No target in view!
There is a stone staircase leading down here.
You can't go up here!
You climb downwards.
There is a stone staircase leading up here.
A kobold comes into view. It is wielding a whip.
The helpless kobold fails to defend itself.
You hit the kobold.
You kill the kobold!
You see here a whip.
You now have 56 gold pieces (gained 11).
A giant cockroach comes into view.
Health restored: 16 A giant cockroach is nearby!
The giant cockroach misses you. x2
Found a stone staircase leading down.
You hit the giant cockroach but do no damage.
You peck the giant cockroach, but do no damage.
The giant cockroach barely misses you.
You hit the giant cockroach but do no damage.
Your peck misses the giant cockroach. The giant cockroach barely misses you.
You hit the giant cockroach.
You claw the giant cockroach, but do no damage.
You peck the giant cockroach, but do no damage.
The giant cockroach closely misses you.
You closely miss the giant cockroach. You peck the giant cockroach.
You kill the giant cockroach!
No target in view!
No target in view!
You see here a giant cockroach corpse.
You butcher the giant cockroach corpse.
f - 2 chunks of flesh {@w0} A kobold comes into view.
It is wielding a short sword.
An adder comes into view.
The kobold closely misses you.
You closely miss the kobold. Your kick misses the kobold.
The kobold barely misses you.
You hit the kobold but do no damage. Your peck misses the kobold.
The adder hisses angrily.
The kobold closely misses you.
You hit the kobold but do no damage. Your kick misses the kobold.
The kobold hits you with a short sword.
You take 5 damage, and have 11/16 hp.
MASSIVE DAMAGE!!
The kobold hits you with a short sword. The kobold hits you with a short sword.
* * * LOW HITPOINT WARNING * * *
Your rat bites the kobold but does no damage.
You take 7 damage, and have 4/16 hp.
MASSIVE DAMAGE!!
You now have 5/6 mp.
Okay, then.
The adder closely misses your rat.
The kobold hits your rat with a short sword.
Your rat dies!
Your rat's corpse disappears in a puff of smoke!
The adder closely misses you. The kobold misses you. The adder bites you.
You die...

#.#..................#.##.#
........).[...##.##..#....#.#
#.#.##....................).#
..#.....##.#..#.........#.#.#
..#.##.###.#..#..##..#.##
..#.##.# #.#..#..##..#.#
....##.###.#..#..##....#
..............#r.##....##.
................@..........
....##.###.....KS§.....##.#
...........##.#..§........#
....##.### #..............
........ ...........>......
.......................####
.........................
...##..#.##..#### ##. #..#.#
..#


You could see an adder, a kobold and a friendly quokka.

Vanquished Creatures
  2 giant cockroaches
  A goblin (D:1)
  2 kobolds
  9 rats (D:1)
14 creatures vanquished.

Vanquished Creatures (collateral kills)
  A leopard gecko (D:1)
  3 bats (D:1)
  3 giant cockroaches (D:1)
  2 hobgoblins (D:1)
  2 kobolds (D:1)
  2 frilled lizards (D:1)
  2 rats (D:1)
15 creatures vanquished.

Grand Total: 29 creatures vanquished

Notes
Turn   | Place    | Note
-------+----------+-------------------------------------------
     0 | D:1      | esc the Tengu Summoner began the quest for the Orb.
     0 | D:1      | Reached XP level 1. HP: 10/10 MP: 4/4
   449 | D:1      | Reached skill level 5 in Summonings
   577 | D:1      | Reached XP level 2. HP: 16/16 MP: 1/6
   812 | D:1      | Reached skill level 1 in Fighting
  1395 | D:2      | HP: 4/16 [kobold/short sword (2)]
  1398 | D:2      | Slain by an adder

Vault maps used:
D:1:      onia_arrival_mini_spirals, minmay_rat_gold_closets
D:2:      evilmike_ruin_ashenzari

Skill      XL: |  1  2 |
---------------+-------+-----
Summonings     | 5 |  5.1
Fighting       | 1 |  1.3
Dodging        | |  2.5
Stealth        | |  2.0
Spellcasting   | |  2.1

Action                   || total
-------------------------++-------
Melee: Dagger            ||    29
       Peck              ||     6
       Kick              ||     2
 Cast: Summon Small Mamm ||    33
 Stab: Sleeping          ||     8
  Eat: Chunk             ||     2
Armor: Robe              ||    11
Dodge: Dodged            ||    22

Vault maps used:
D:1:      onia_arrival_mini_spirals, minmay_rat_gold_closets
D:2:      evilmike_ruin_ashenzari

Table legend:
 A = Turns spent in this place as a percentage of turns spent in the entire game.
 B = Non-inter-level travel turns spent in this place as a percentage of non-inter-level travel turns spent in the entire game.
 C = Inter-level travel turns spent in this place as a percentage of turns spent in this place.
 D = Turns resting spent in this place as a percentage of non-inter-level travel turns spent in this place.
 E = Turns spent auto-exploring this place as a percentage of non-inter-level travel turns spent in this place.
 F = Non-inter-level travel turns spent in this place divided by the number of levels of this place that you've seen.
                   A       B       C       D       E      F
               +-------+-------+-------+-------+-------+----------------------
         Total | 100.0 | 100.0 |   0.3 |   1.1 |   9.3 | 177.0
       Dungeon | 100.0 | 100.0 |   0.3 |   1.1 |   9.3 | 177.0
               +-------+-------+-------+-------+-------+----------------------

Table legend:
 A = Kills in this place as a percentage of kills in entire the game.
 B = Kills by you in this place as a percentage of kills by you in the entire game.
 C = Kills by friends in this place as a percentage of kills by friends in the entire game.
 D = Other kills in this place as a percentage of other kills in the entire game.
 E = Experience gained in this place as a percentage of experience gained in the entire game.
 F = Experience gained in this place divided by the number of levels of this place that you have seen.
                   A       B       C       D       E      F
               +-------+-------+-------+-------+-------+----------------------
         Total | 100.0 | 100.0 | 100.0 |  -nan | 100.0 |  16.5
       Dungeon | 100.0 | 100.0 | 100.0 |  -nan | 100.0 |  16.5
               +-------+-------+-------+-------+-------+----------------------
